 Dungeon Crawl Stone Soup version 0.24-a0-417-g1cce26a4d2 (webtiles) character file.

Game seed: 11265470454821446857

135 Nitrous the Conjurer (level 4, -1/24 HPs)
             Began as a Deep Elf Conjurer on June 11, 2019.
             Killed from afar by Ijyb (12 damage)
             ... with a puff of flame
             ... on level 3 of the Dungeon.
             The game lasted 00:15:36 (3788 turns).

Nitrous the Conjurer (Deep Elf Conjurer)            Turns: 3788, Time: 00:15:36

Health: -1/24      AC:  4    Str:  5    XL:     4   Next: 97%
Magic:  12/12      EV: 13    Int: 21    God:
Gold:   104        SH:  0    Dex: 15    Spells: 4/12 levels left

rFire    . . .     SeeInvis .   (no weapon)
rCold    . . .     Gourm    .   (no shield)
rNeg     . . .     Faith    .   a - +0 robe
rPois    .         Spirit   .   (no helmet)
rElec    .         Reflect  .   h - +0 cloak
rCorr    .         Harm     .   g - +0 pair of gloves
MR       .....                  (no boots)
Stlth    ++........             (no amulet)
HPRegen  0.08/turn              (no ring)
MPRegen  0.13/turn              (no ring)

@: no status effects
A: no striking features
a: no special abilities


You were on level 3 of the Dungeon.
You were hungry.

You visited 1 branch of the dungeon, and saw 3 of its levels.

You collected 104 gold pieces.

Inventory:

Hand Weapons
 s - a +0 dagger
Armour
 a - a +0 robe (worn)
 g - a +0 pair of gloves (worn)
 h - a +0 cloak (worn)
Jewellery
 p - an uncursed ring of poison resistance {unknown}
Scrolls
 b - 6 scrolls of amnesia {unknown}
 d - 3 scrolls of fog {unknown}
 e - a scroll of remove curse {unknown}
 i - a scroll of magic mapping {unknown}
 j - a scroll of enchant armour {unknown}
 l - 2 scrolls of identify {unknown}
 q - a scroll of fear {unknown}
 t - a scroll of random uselessness {unknown}
 v - a scroll of enchant weapon {unknown}
 x - 2 scrolls of blinking {unknown}
Potions
 f - a potion of haste {unknown}
 k - 2 potions of agility {unknown}
 m - a potion of curing {unknown}
 n - a potion of mutation {unknown}
 o - a potion of brilliance {unknown}
 r - 3 potions of heal wounds {unknown}
 u - a potion of lignification {unknown}
 w - a potion of resistance
Comestibles
 c - 6 rations


   Skills:
 + Level 2.8 Dodging
 + Level 3.1 Stealth
 + Level 4.8 Spellcasting
 + Level 5.7 Conjurations


You had 4 spell levels left.
You knew the following spells:

 Your Spells              Type           Power        Failure   Level  Hunger
a - Magic Dart            Conj           ####         1%          1    None
b - Dazzling Spray        Conj/Hex       ###...       10%         3    ##.....
c - Force Lance           Conj/Tloc      ###.....     32%         4    ####...

Your spell library contained the following spells:

 Spells                   Type           Power        Failure   Level  Hunger
 Searing Ray              Conj           ####..       1%          2    None
 Iskenderun's Mystic Bla  Conj           ####....     11%         4    ####...
 Fulminant Prism          Conj/Hex       ###.......   32%         4    ####...


Dungeon Overview and Level Annotations

Branches:
Dungeon (3/15)

Altars:
Ashenzari
Gozag
Hepliaklqana

Annotations:
D:3 Ijyb


Message History

The magic dart hits Ijyb but does no damage.
Ijyb zaps a wand.
The puff of flame hits you!
Ijyb zaps a wand.
The puff of flame hits you!
* * * LOW HITPOINT WARNING * * *
Ijyb zaps a wand.
The puff of flame misses you.
You see here a dagger.
There is a stone staircase leading down here.
Some of the chunks of flesh in your inventory have rotted away.
You start resting.
All of the chunks of flesh in your inventory have rotted away.
You are feeling hungry.
You start resting.
HP restored.
Ijyb is too close now for your liking.
Ijyb shouts!
Ijyb zaps a wand.
The puff of flame hits you!
Ijyb zaps a wand.
The puff of flame hits you!
Ijyb zaps a wand.
The puff of flame hits you!
Ouch! That really hurt!
You die...

#.#.#########..#
#.#.......# #..#
#.#.....#.# #.######
#.#.###.#.# #......#
##.#.# #.#.#
#####.## ...#.#
#.#.# #.#
####.###.#.#######.#
.......#.........#)#
####.#.###.#####@#.#
#.#.#......##.#>#
#.#.#.#.##.##.#.#
####.#.#g#.##.##.#.#
.....#.#.#.##.##.#.#
###..#.#.#.##.##.#.#
.....#.#.#....##.#.#
.....#.#.#######g#.#
.......#[.g......#.#


You could see Ijyb.

Vanquished Creatures
  Jessica (D:3)
  Robin (D:2)
  An adder (D:2)
  A worm (D:3)
  3 dart slugs
  4 leopard geckos
  4 giant cockroaches
  12 goblins
  9 hobgoblins
  8 jackals
  A quokka (D:3)
  A ball python (D:1)
  8 bats
  5 frilled lizards
  9 kobolds
  7 rats
75 creatures vanquished.

Notes
Turn   | Place    | Note
-------+----------+-------------------------------------------
     0 | D:1      | Nitrous the Deep Elf Conjurer began the quest for the Orb.
     0 | D:1      | Reached XP level 1. HP: 10/10 MP: 6/6
   171 | D:1      | Reached XP level 2. HP: 15/15 MP: 2/8
   372 | D:1      | Reached skill level 5 in Conjurations
   609 | D:1      | Reached XP level 3. HP: 14/19 MP: 4/9
  1179 | D:2      | You fall into a shaft and drop 1 floor!
  1278 | D:2      | Found an opulent altar of Gozag.
  1278 | D:2      | Noticed Robin
  1793 | D:2      | Reached XP level 4. HP: 24/24 MP: 7/11
  1824 | D:2      | Found a shattered altar of Ashenzari.
  2175 | D:2      | Killed Robin
  2293 | D:2      | Learned a level 3 spell: Dazzling Spray
  2298 | D:2      | Learned a level 4 spell: Force Lance
  2520 | D:3      | Found a hazy altar of Hepliaklqana.
  2589 | D:3      | Noticed Ijyb
  2928 | D:3      | Noticed Jessica
  2932 | D:3      | Killed Jessica
  3788 | D:3      | Killed from afar by Ijyb

Levels and vault maps discovered:
D:1:      dpeg_arrival_rhombi, layout_rooms, serial_rivers,
          chequers_serial_rivers_room_b, chequers_serial_rivers_micro_a,
          chequers_serial_rivers_small_3, chequers_serial_rivers_small_b,
          chequers_serial_rivers_large_a, chequers_serial_rivers_room_a,
          minmay_hexomino_f4
D:2:      minmay_inner_zag, layout_basic, ashenzari_conservatory_becter,
          grunt_decor_arrowhead, nicolae_gozag_seed_capital, uniq_robin
D:3:      layout_basic, nicolae_overflow_hidden_temple, first_ration, uniq_ijyb,
          uniq_jessica

Skill      XL: |  1  2  3  4 |
---------------+-------------+-----
Conjurations   | 5 |  5.7
Stealth        | 3 |  3.1
Spellcasting   | 4 |  4.8
Dodging        | |  2.8

Action                   |  1- 3 |  4- 6 || total
-------------------------+-------+-------++-------
Melee: Unarmed           |     1 |       ||     1
 Cast: Magic Dart        |    86 |    61 ||   147
       Dazzling Spray    |       |     2 ||     2
  Eat: Chunk             |     3 |     5 ||     8
Armor: Robe              |    10 |     3 ||    13
Dodge: Dodged            |    34 |     5 ||    39

Table legend:
 A = Non-vault XP
 B = Vault XP
 C = Vault XP percentage of total XP
 D = Non-vault monster count
 E = Vault monster count
 F = Vault count percentage of total count
                 A         B        C        D         E       F
            +---------+---------+-------+---------+---------+-------
      Total |     103 |      91 |  46.9 |      51 |      24 |  32.0
            +---------+---------+-------+---------+---------+-------
        D:1 |      43 |       9 |  17.3 |      26 |       6 |  18.8
        D:2 |      40 |      45 |  52.9 |      15 |      17 |  53.1
        D:3 |      20 |      37 |  64.9 |      10 |       1 |   9.1
            +---------+---------+-------+---------+---------+-------
